 Dungeon Crawl Stone Soup version 0.15.2 (webtiles) character file.

37 realizingwhyifist the Insei (level 3, -2/29 HPs)
             Began as a Mummy Monk on Apr 20, 2015.
             Slain by an adder (4 damage)
             ... on Level 2 of the Dungeon.
             The game lasted 00:07:02 (2244 turns).

realizingwhyifist the Insei (Mummy Monk)            Turns: 2244, Time: 00:07:02

HP  -2/29        AC  0     Str 14      XL: 3   Next: 21%
MP   3/3         EV 13     Int  9      God:
Gold 16          SH  0     Dex 15      Spells:  0 memorised,  2 levels left

rFire  x . .     SeeInvis .       - Unarmed
rCold  + . .     Clarity  .     (no armour)
rNeg   + + +     rCorr    .     (no shield)
rPois  +         rRot     +     (no helmet)
rElec  .         Spirit   .     (no cloak)
SustAb .         Warding  .     (no gloves)
rMut   .         Stasis   .     (no boots)
Gourm  .                        (no amulet)
MR     .....                    (no ring)
                                (no ring)

@: not resistant to hostile enchantments, unstealthy
A: no food or potions, fire vulnerability, restore body, cold resistance 1,
negative energy resistance 3, poison resistance, torment resistance, unbreathing
a: no special abilities


You were on level 2 of the Dungeon.
You were not hungry.

You visited 1 branch of the dungeon, and saw 2 of its levels.

You collected 16 gold pieces.


Innate Abilities, Weirdness & Mutations

You do not eat or drink.
Your flesh is vulnerable to fire.
Your flesh is cold resistant.
You are immune to negative energy.
Your system is resistant to poisons.
You are immune to unholy pain and torment.
You can survive without breathing.


   Skills:
 + Level 3.4 Fighting
 + Level 2.6 Dodging
 + Level 2.1 Stealth
 + Level 3.5 Unarmed Combat


You had 2 spell levels left.
You didn't know any spells.

Inventory:

Scrolls
 a - 2 scrolls of fog {unknown}
 b - a scroll of amnesia {unknown}
 c - 2 scrolls of teleportation {unknown}

Dungeon Overview and Level Annotations

Branches:
Dungeon (2/15)

Altars:

#### # .... ...
.###..# #.# #
....#..#...#.# #
#.#.#..#.....# .
#.#.#.........$
#.#.#.#S@.#
###.#.#.#...#
#.....#.#...#####
#.#............w..
#.####.##.#######
#.##...........
#######.##.#....##..
...........######
... ...........# .


You could see an adder.


Message History

The adder barely misses you.
You closely miss the adder.
The adder is heavily wounded.
The adder bites you.
* * * LOW HITPOINT WARNING * * *
The adder closely misses you.
You closely miss the adder.
The adder is heavily wounded.
The adder bites you.
* * * LOW HITPOINT WARNING * * *
You hit the adder.
The adder is severely wounded.
The adder bites you.
* * * LOW HITPOINT WARNING * * *
Read which item? (? for menu, Esc to quit)
Okay, then.
You can't eat.
Unknown command.
Unknown command.
Read which item? (? for menu, Esc to quit)
Okay, then.
Read which item? (? for menu, Esc to quit)
Okay, then.
Read which item? (? for menu, Esc to quit)
Okay, then.
Unknown command.
You closely miss the adder.
The adder is severely wounded.
The adder bites you.
You die...

Action                   || total
-------------------------++-------
Melee: Unarmed           ||   127
 Stab: Sleeping          ||     1

Vault maps used:
D:1:      mrwooster_arrival_statue
D:2:      lemuel_crystal_altar, ashenzari_conservatory_becter,
          minmay_misc_feat_pillars

Notes
Turn   | Place    | Note
--------------------------------------------------------------
     0 | D:1      | realizingwhyifist, the Mummy Monk, began the quest for the Orb.
     0 | D:1      | Reached XP level 1. HP: 18/18 MP: 1/1
     0 | D:1      | Sar: I like how ce are less dangerous in melee
     7 | D:1      | Sar: but not less dangerous enough not to be a threat to low level dudes
     7 | D:1      | realizingwhyifist: well anyone else wouldn't been able to melee
     7 | D:1      | realizingwhyifist: bar like, fe
   246 | D:1      | Sar: what do you mean?
   561 | D:1      | realizingwhyifist: oh
   561 | D:1      | Sar: I miss old gmummy tile
   561 | D:1      | realizingwhyifist: I meant would :P
   561 | D:1      | realizingwhyifist: wait what
   561 | D:1      | realizingwhyifist: there's a new one?
   618 | D:1      | Sar: no, really old one
   733 | D:1      | Reached skill level 2 in Stealth
   746 | D:1      | realizingwhyifist: oh
   746 | D:1      | Sar: sarcophagus
   746 | D:1      | Sar: that moved around
   746 | D:1      | realizingwhyifist: well this is the literal best tile
   746 | D:1      | realizingwhyifist: ever
   746 | D:1      | Sar: and smitetormented you
   746 | D:1      | realizingwhyifist: it even has little ankh things!
   751 | D:1      | Reached XP level 2. HP: 13/24 MP: 2/2
   761 | D:1      | Sar: eeeh
   863 | D:1      | Sar: a LITERAL WALKING SARCOPHAGUS
   871 | D:1      | Sar: was cooler
   903 | D:1      | Sar: I imagined they kind of jumped around
   932 | D:1      | Sar: boom-boom-boom
  1271 | D:1      | realizingwhyifist: boing boing boing
  1271 | D:1      | realizingwhyifist: symbol of torment
  1300 | D:1      | realizingwhyifist: woah
  1970 | D:1      | realizingwhyifist: I really like these ones because they hurt a lot in melee
  1970 | D:1      | realizingwhyifist: and I like to think they bonk people over the head with the ankhs
  1970 | D:1      | Sar: which ones?
  1970 | D:1      | realizingwhyifist: gmummies!
  1970 | D:1      | Sar: greaters?
  1970 | D:1      | Sar: huh
  2108 | D:2      | Sar: dam:35
  2124 | D:2      | Sar: not that much by postend standards
  2124 | D:2      | Reached XP level 3. HP: 22/29 MP: 3/3
  2202 | D:2      | realizingwhyifist: until they hit you a whole bunch of times!
  2243 | D:2      | HP: 2/29 [adder (3)]
  2244 | D:2      | Sar: last time I died in tomb I was a squid
  2244 | D:2      | Sar: so I was running low on food
  2244 | D:2      | Sar: because of all the resting
  2244 | D:2      | Sar: and I decided to get necromut in crypt/tomb
  2244 | D:2      | realizingwhyifist: maybe you should've stacked =regen
  2244 | D:2      | Sar: so I've killed mummies under silence and also dispel undead
  2244 | D:2      | Sar: Dith mimics DU which is rad as hell
  2244 | D:2      | Sar: and then I've gotten necromut
  2244 | D:2      | Sar: and I cast it
  2244 | D:2      | Sar: and got dispelled to hell
  2244 | D:2      | Sar: good job!!!
  2244 | D:2      | realizingwhyifist: another moral victory for sar
  2244 | D:2      | Slain by an adder

Vanquished Creatures
  An adder (D:2)
  A goblin (D:1)
  2 hobgoblins (D:1)
  4 jackals (D:1)
  2 kobolds (D:1)
  A quokka (D:2)
  3 ball pythons (D:1)
  3 bats (D:1)
  4 giant cockroaches (D:1)
  5 giant newts (D:1)
  3 rats (D:1)
29 creatures vanquished.
